Map: Odyssey LE

Players

TTOne

  • Race: Protoss Protoss
  • League: Master
  • Spawn Location: 5:00

PiG - Winner!

  • Race: Protoss Protoss
  • League: Grandmaster
  • Spawn Location: 11:00

VOD

https://www.youtube.com/watch?v=uU3XRt6eN4k

Description

Time

  • Played on: June 7, 2017, 6:09 p.m.
  • Length: 10:09
Show
View Real Time Build Order
Export as new Build Order

TTOne Protoss 

Build Orders:  

Get SALT Encoding   

  12  0:00  Probe (Chrono Boost)  
  13  0:11  Probe (Chrono Boost)  
  14  0:19  Pylon  
  14  0:22  Probe (Chrono Boost)  
  15  0:37  Probe (Chrono Boost)  
  15  0:39  Gateway  
  16  0:48  Probe (Chrono Boost), Assimilator  
  17  0:55  Assimilator  
  17  0:58  Probe (Chrono Boost)  
  18  1:09  Gateway, Probe (Chrono Boost)  
  19  1:19  Probe (Chrono Boost)  
  20  1:26  Cybernetics Core  
  20  1:30  Probe (Chrono Boost)  
  21  1:33  Pylon  
  21  1:41  Probe (Chrono Boost)  
  22  1:47  Warp Gate  
  22  1:51  Probe (Chrono Boost)  
  23  2:02  Stalker x2  
  23  2:03  Probe (Chrono Boost)  
  28  2:10  Pylon  
  28  2:15  Probe (Chrono Boost)  
  29  2:29  Mothership Core (Chrono Boost)  
  31  2:32  Stalker  
  31  2:35  Stalker  
  35  3:02  Nexus  
  35  3:06  Pylon  
  35  3:10  Probe (Chrono Boost)  
  35  3:23  Probe (Chrono Boost)  
  34  3:35  Probe (Chrono Boost), Twilight Council  
  34  3:47  Probe (Chrono Boost)  
  35  3:54  Stalker x2  
  39  3:59  Probe (Chrono Boost)  
  40  4:07  Robotics Facility  
  40  4:11  Probe (Chrono Boost)  
  33  4:17  Probe (Chrono Boost)  
  33  4:23  Blink, Probe (Chrono Boost)  
  34  4:27  Probe (Chrono Boost)  
  35  4:42  Probe (Chrono Boost)  
  35  4:44  Stalker  
  32  4:54  Probe (Chrono Boost)  
  32  4:57  Probe (Chrono Boost)  
  34  5:05  Probe (Chrono Boost)  
  34  5:10  Stalker  
  35  5:17  Probe (Chrono Boost)  
  36  5:24  Probe (Chrono Boost)  
  38  5:28  Probe (Chrono Boost)  
  38  5:32  Stalker  
  38  5:35  Probe (Chrono Boost)  
  41  5:39  Probe (Chrono Boost)  
  42  5:45  Probe (Chrono Boost)  
  42  5:48  Pylon  
  43  5:50  Probe (Chrono Boost)  
  43  5:54  Observer  
  46  6:04  Probe (Chrono Boost)  
  46  6:12  Probe (Chrono Boost)  
  46  6:14  Stalker x2  
  46  6:17  Probe (Chrono Boost)  
  52  6:18  Pylon  
  49  6:28  Probe (Chrono Boost)  
  49  6:30  Probe (Chrono Boost)  
  50  6:39  Probe (Chrono Boost)  
  51  6:40  Probe (Chrono Boost)  
  52  6:48  Stalker  
  52  6:49  Probe (Chrono Boost)  
  52  6:50  Stalker  
  52  6:51  Probe (Chrono Boost)  
  58  7:00  Probe (Chrono Boost)  
  59  7:01  Probe (Chrono Boost)  
  59  7:10  Probe (Chrono Boost)  
  59  7:12  Probe (Chrono Boost)  
  59  7:13  Stalker  
  60  7:21  Probe (Chrono Boost)  
  60  7:22  Probe (Chrono Boost)  
  60  7:25  Stalker  
  62  7:31  Probe (Chrono Boost)  
  62  7:32  Charge  
  62  7:33  Probe (Chrono Boost)  
  64  7:41  Zealot  
  64  7:42  Probe (Chrono Boost)  
  67  7:47  Pylon  
  67  7:49  Zealot  
  67  7:50  Probe (Chrono Boost)  
  70  7:54  Gateway  
  70  7:59  Gateway  
  70  8:00  Probe (Chrono Boost)  
  70  8:01  Gateway  
  71  8:16  Probe (Chrono Boost)  
  71  8:17  Zealot x2  
  75  8:23  Probe (Chrono Boost)  
  76  8:28  Templar Archives  
  76  8:30  Assimilator  
  76  8:31  Pylon, Assimilator  
  76  8:35  Gateway  
  76  8:38  Gateway  
  76  8:43  Pylon, Immortal  
  76  8:47  Probe (Chrono Boost)  
  82  8:56  Probe (Chrono Boost)  
  82  9:05  Zealot  
  82  9:06  Zealot x3  
  90  9:11  Pylon  
  84  9:32  Zealot x5  
Show
View Real Time Build Order
Export as new Build Order

PiG Protoss - Winner!

Build Orders: Oracle Opening 

Get SALT Encoding   

  12  0:01  Probe (Chrono Boost)  
  13  0:11  Probe (Chrono Boost)  
  14  0:17  Pylon  
  14  0:22  Probe (Chrono Boost)  
  16  0:35  Probe (Chrono Boost)  
  16  0:39  Gateway  
  16  0:41  Assimilator  
  16  0:46  Probe (Chrono Boost)  
  17  0:52  Assimilator  
  17  0:56  Probe (Chrono Boost)  
  18  1:07  Probe (Chrono Boost)  
  19  1:11  Gateway  
  19  1:18  Probe (Chrono Boost)  
  20  1:26  Cybernetics Core  
  20  1:29  Probe (Chrono Boost)  
  21  1:36  Pylon  
  22  1:40  Probe (Chrono Boost)  
  22  1:50  Probe (Chrono Boost)  
  23  1:55  Warp Gate  
  23  2:03  Adept x2  
  23  2:08  Probe (Chrono Boost)  
  28  2:10  Pylon  
  28  2:16  Stargate  
  28  2:25  Probe (Chrono Boost)  
  29  2:36  Stalker  
  31  2:39  Stalker  
  31  2:41  Probe (Chrono Boost)  
  34  2:53  Probe (Chrono Boost)  
  34  2:56  Pylon  
  34  2:57  Oracle  
  38  3:09  Probe (Chrono Boost)  
  39  3:21  Probe (Chrono Boost)  
  35  3:29  Oracle  
  35  3:33  Probe (Chrono Boost)  
  39  3:39  Nexus  
  39  3:52  Pylon  
  40  3:57  Probe (Chrono Boost)  
  42  4:10  Mothership Core (Chrono Boost)  
  42  4:15  Adept x2  
  43  4:29  Robotics Facility  
  43  4:30  Probe (Chrono Boost)  
  44  4:45  Probe (Chrono Boost), Sentry x2  
  49  5:01  Gateway  
  49  5:03  Probe (Chrono Boost), Assimilator  
  48  5:12  Immortal  
  46  5:19  Probe (Chrono Boost)  
  46  5:21  Probe (Chrono Boost)  
  52  5:27  Sentry  
  54  5:30  Probe (Chrono Boost), Stalker  
  54  5:34  Pylon  
  58  5:36  Probe (Chrono Boost)  
  58  5:40  Probe (Chrono Boost)  
  59  5:46  Twilight Council  
  59  5:49  Probe (Chrono Boost)  
  60  5:53  Stalker  
  60  5:56  Probe (Chrono Boost)  
  63  5:59  Assimilator  
  63  6:01  Probe (Chrono Boost)  
  63  6:03  Adept x2  
  68  6:05  Observer  
  68  6:07  Probe (Chrono Boost)  
  70  6:13  Probe (Chrono Boost)  
  70  6:17  Probe (Chrono Boost)  
  72  6:18  Pylon  
  72  6:20  Blink  
  72  6:23  Pylon  
  72  6:29  Immortal  
  72  6:31  Probe (Chrono Boost)  
  70  6:39  Probe (Chrono Boost)  
  75  6:43  Probe (Chrono Boost)  
  75  6:50  Stalker x3  
  79  7:10  Immortal  
  78  7:18  Pylon  
  78  7:21  Pylon  
  76  7:23  Stalker  
  76  7:24  Pylon, Stalker x2  
  82  7:36  Pylon  
  82  7:39  Gateway  
  82  7:42  Gateway  
  82  7:44  Immortal  
  82  7:47  Adept  
  82  7:50  Adept  
  90  7:58  Probe (Chrono Boost)  
  91  8:05  Nexus  
  90  8:13  Probe (Chrono Boost)  
  90  8:14  Pylon  
  90  8:19  Robotics Bay  
  88  8:27  Observer  
  88  8:33  Stalker  
  88  8:34  Stalker x2  
  95  8:37  Stalker  
  97  8:56  Forge  
  97  9:00  Stalker x4  
  107  9:12  Probe (Chrono Boost)  
  107  9:13  Disruptor  
  107  9:17  Dark Shrine  
  107  9:21  Pylon  
  105  9:36  Stalker  
  105  9:37  Stalker  
  105  9:38  Stalker x2  
Tags
 
Matchup
PvP
Player
PiG
Spawn Locations
Cross Positions
Add a new tag
Caveats
  • Supply blocks, unpowered buildings, or Contaminate may cause inaccurate times.
  • Supply counts are checked every 10 seconds.